Map: Proxima Station LE

Players

tamino - Winner!

  • Race: Protoss Protoss
  • League: Diamond
  • Spawn Location: 7:00

Musumeci

  • Race: Zerg Zerg
  • League: Diamond
  • Spawn Location: 1:00

VOD

Have the link to the VOD?

Description

Time

  • Played on: March 26, 2017, 2:16 p.m.
  • Length: 7:40
Show
View Real Time Build Order
Export as new Build Order

tamino Protoss - Winner!

Build Orders:  

Get SALT Encoding   

  12  0:01  Probe (Chrono Boost)  
  13  0:12  Probe (Chrono Boost)  
  14  0:23  Probe (Chrono Boost)  
  15  0:47  Pylon  
  15  1:05  Gateway  
  15  1:06  Probe (Chrono Boost)  
  15  1:07  Gateway  
  15  1:09  Gateway  
  16  1:16  Probe (Chrono Boost)  
  16  1:18  Assimilator  
  17  1:23  Pylon  
  17  1:34  Probe (Chrono Boost)  
  18  1:46  Probe (Chrono Boost)  
  19  1:52  Zealot  
  19  1:53  Zealot  
  19  1:54  Zealot  
  25  2:07  Cybernetics Core  
  25  2:24  Zealot  
  25  2:27  Zealot  
  25  2:28  Zealot  
  31  2:40  Pylon  
  30  2:54  Adept  
  26  3:09  Adept x2  
  26  3:11  Warp Gate  
  30  3:23  Adept  
  32  3:30  Gateway  
  32  3:36  Adept  
  34  3:46  Adept  
  36  3:50  Adept  
  36  3:51  Probe (Chrono Boost)  
  39  4:00  Pylon  
  39  4:18  Mothership Core (Chrono Boost), Pylon  
  41  4:48  Probe (Chrono Boost)  
  43  5:00  Probe (Chrono Boost)  
  43  5:01  Pylon  
  43  5:15  Adept x4  
  51  5:37  Zealot x3  
  51  5:38  Zealot  
  49  5:59  Adept x3  
  49  6:00  Adept  
  49  6:06  Assimilator  
  47  6:20  Zealot x4  
  55  6:44  Adept x3  
  61  6:54  Probe (Chrono Boost)  
  57  7:16  Zealot x3  
  59  7:39  Adept x2  
Show
View Real Time Build Order
Export as new Build Order

Musumeci Zerg 

Build Orders: Hatch First 

Get SALT Encoding   

  12  0:00  Drone  
  13  0:12  Overlord  
  13  0:22  Drone  
  13  0:24  Drone, Extractor  
  15  0:30  Drone  
  15  0:34  Drone  
  17  0:54  Hatchery  
  16  0:58  Drone  
  16  1:01  Drone  
  18  1:08  Extractor  
  17  1:21  Spawning Pool  
  17  1:23  Drone  
  17  1:26  Drone  
  17  1:32  Drone  
  19  1:38  Overlord  
  19  1:52  Drone  
  20  2:01  Drone  
  20  2:07  Queen  
  20  2:08  Queen  
  25  2:11  Zergling x2  
  26  2:17  Metabolic Boost  
  26  2:24  Drone x2  
  26  2:28  Drone  
  28  2:41  Spine Crawler  
  28  2:43  Spine Crawler  
  28  2:44  Zergling x4  
  28  2:57  Zergling x4  
  21  3:23  Zergling x10  
  25  3:51  Zergling x8  
  25  3:52  Zergling x6  
  30  4:15  Zergling x10  
  35  4:40  Zergling x2  
  35  4:42  Overlord x3  
  36  4:53  Roach Warren  
  34  5:20  Zergling x16  
  36  5:56  Zergling x12  
  29  6:39  Evolution Chamber  
  28  6:43  Evolution Chamber  
  23  7:17  Zergling x10  
  23  7:18  Zergling x2  
Tags
 
Add a new tag
Caveats
  • Supply blocks, unpowered buildings, or Contaminate may cause inaccurate times.
  • Supply counts are checked every 10 seconds.